 Dungeon Crawl Stone Soup version 0.30-a0-587-gfd7c166f36 (webtiles) character file.

Game seed: 5711263562367121008

571 M4edhros the Charlatan (level 7, -5/46 HPs)
             Began as an Octopode Artificer on Jan 4, 2023.
             Slain by a gnoll sergeant
             ... wielding a +0 spear
              (13 damage)
             ... on level 7 of the Dungeon.
             The game lasted 00:02:56 (1169 turns).

M4edhros the Charlatan (Octopode Artificer)         Turns: 1169, Time: 00:02:57

Health: -5/46      AC:  1    Str: 11    XL:     7   Next: 34%
Magic:  7/7        EV: 19    Int: 14    God:
Gold:   138        SH:  0    Dex: 14    Spells: 6/6 levels left

rFire   . . .      SeeInvis .    h - +1 dagger (venom)
rCold   . . .      Faith    .    (no shield)
rNeg    . . .      Spirit   .    j - +0 hat
rPois   .          Reflect  .    (no amulet)
rElec   .          Harm     .    m - +5 ring of evasion
rCorr   .          Rampage  .    (no ring)
Will    .....                    (no ring)
Stlth   ++++                     (no ring)
HPRegen 0.27/turn                (no ring)
MPRegen 0.10/turn                (no ring)
                                 (no ring)
                                 (no ring)

@: attractive
A: almost no armour, amphibious, 8 rings, camouflage 1, gelatinous body 1,
(nimble swimmer 1), tentacles
a: no special abilities


You were on level 7 of the Dungeon.
You visited 1 branch of the dungeon, and saw 7 of its levels.

You collected 138 gold pieces.

Inventory:

Hand Weapons
 h - a +1 dagger of venom (weapon)
Missiles
 e - 3 javelins
 k - a throwing net
 n - 17 poisoned darts
Armour
 j - a +0 hat (worn)
Jewellery
 m - a +5 ring of evasion (left tentacle)
Wands
 b - a wand of flame (7) (quivered)
 c - a wand of charming (14)
 d - a wand of iceblast (5)
Scrolls
 f - 2 scrolls of teleportation {unknown}
 g - 2 scrolls of magic mapping {unknown}
 l - a scroll of enchant weapon {unknown}
 o - 2 scrolls of identify {unknown}
Potions
 a - a potion of curing
 i - a potion of attraction


   Skills:
 + Level 3.1 Fighting
 + Level 3.8 Dodging
 + Level 4.5 Stealth
 * Level 4.2 Unarmed Combat
 + Level 4.6 Evocations


You had 6 spell levels left.
You didn't know any spells.
Your spell library contained the following spells:

 Spells                   Type           Power      Damage    Failure   Level
 Cigotuvi's Dreadful Rot  Necr/Pois/Air  0%         N/A       41%         2
 Poisonous Vapours        Pois/Air       0%         N/A       41%         2
 Mephitic Cloud           Conj/Pois/Air  0%         N/A       65%         3


Dungeon Overview and Level Annotations

Branches:
Dungeon (7/15)
 Temple: D:4-7

Altars:

Annotations:
D:6 Odexios's ghost, novice OpSu


Innate Abilities, Weirdness & Mutations

You cannot wear most types of armour.
You are amphibious.
You can wear up to eight rings at the same time.
Your skin changes colour to match your surroundings (Stealth+).
Your rubbery body absorbs attacks. (AC +1, EV +1)
((You are camouflaged when in or above water. (Stealth+)))
You have tentacles for arms and can constrict up to eight enemies at once.


Message History

You hit the gnoll.
You kill the gnoll!
The gnoll hits you with a +0 club.
The gnoll sergeant completely misses you.
You barely miss the gnoll. You grab the gnoll.
The gnoll is severely wounded.
You constrict the gnoll, but do no damage.
The gnoll misses you. The gnoll sergeant barely misses you.
A wight comes into view. It is wielding a +5 mace.
You hit the gnoll but do no damage.
The gnoll looks even sicker.
The gnoll is severely wounded.
You constrict the gnoll.
You kill the gnoll!
The gnoll sergeant barely misses you.
Aiming: Iceblast
Press: ? - help, Shift-Dir - straight line, f - gnoll
Aim: a gnoll, wielding a +0 spear
Okay, then.
The gnoll sergeant hits you with a +0 spear!
You see here a +0 club.
You barely miss the gnoll sergeant. You grab the gnoll sergeant.
You squeeze the gnoll sergeant, but do no damage.
You constrict the gnoll sergeant. The gnoll barely misses you.
The gnoll sergeant hits you with a +0 spear.
You hit the gnoll sergeant but do no damage.
The gnoll sergeant is poisoned.
The gnoll sergeant is lightly wounded.
You constrict the gnoll sergeant, but do no damage.
The gnoll closely misses you.
The gnoll sergeant hits you with a +0 spear.
Okay, then.
You release your grip on the gnoll sergeant.
The gnoll sergeant attacks as you move away!
The gnoll sergeant hits you with a +0 spear!
* * * LOW HITPOINT WARNING * * *
The gnoll sergeant completely misses you.
It was a potion of attraction.
You feel attractive to monsters.
The gnoll sergeant hits you from afar with a +0 spear!
You die...

##.....#..# #.......##
#.......# ##+#....#
####.#.########
#.............#
#.###..######.###
##.#...#.....#...#
##.#.....##....#@#
...#..##.##..#.#)#
.###..#####..#.#)ggz.#
.............#.#####.#
.....#######.#..
.............###
##......######
.).....<.# ##.......#


You could see a gnoll sergeant (very poisoned).

Vanquished Creatures
  A sky beast (D:7)
  2 kobold brigands
  2 bullfrogs
  A necrophage (D:7)
  A scorpion (D:5)
  A hound (D:6)
  An adder (D:5)
  3 gnolls (D:7)
  An ufetubus (D:4)
  2 orcs
  An endoplasm (D:1)
  A giant cockroach (D:2)
  A goblin (D:2)
  2 hobgoblins (D:4)
  2 quokkas
  A ball python (D:4)
  A frilled lizard (D:1)
  15 kobolds
  A rat (D:3)
40 creatures vanquished.

Notes
Turn   | Place    | Note
-------+----------+-------------------------------------------
     0 | D:1      | M4edhros the Octopode Artificer began the quest for the
                  | Orb.
     0 | D:1      | Reached XP level 1. HP: 13/13 MP: 1/1
   295 | D:3      | Reached XP level 2. HP: 18/18 MP: 2/2
   389 | D:4      | Reached skill level 1 in Unarmed Combat
   470 | D:5      | Entered Level 5 of the Dungeon
   518 | D:5      | Noticed a scorpion
   521 | D:5      | Killed a scorpion
   522 | D:5      | Reached XP level 3. HP: 24/24 MP: 3/3
   522 | D:5      | Reached XP level 4. HP: 29/29 MP: 4/4
   581 | D:7      | Noticed a kobold brigand
   622 | D:6      | Noticed Odexios's ghost (novice OpSu)
   634 | D:6      | Noticed a bullfrog
   646 | D:6      | Reached XP level 5. HP: 34/34 MP: 5/5
   734 | D:6      | Noticed a kobold brigand
   747 | D:6      | Killed a kobold brigand
   748 | D:6      | Reached XP level 6. HP: 29/41 MP: 6/6
   821 | D:7      | Noticed a sky beast
   836 | D:7      | Killed a sky beast
  1002 | D:7      | Reached XP level 7. HP: 36/45 MP: 7/7
  1169 | D:7      | Slain by a gnoll sergeant

Illustrated notes

Levels and vault maps discovered:
D:1:      heliophobic_arrival_glass_houses, layout_basic
D:2:      layout_basic, serial_shops, nicolae_shop_hallway_plus, shop
D:3:      layout_basic, mainiacjoe_overflow_alcove_1, serial_forest,
          infiniplex_forest_lined_2, infiniplex_forest_clump_tiny,
          infiniplex_forest_zigzag_2, infiniplex_forest_clump_small,
          infiniplex_forest_clump_small, infiniplex_forest_lined_corner,
          infiniplex_forest_zigzag_2, infiniplex_forest_end_2,
          infiniplex_forest_clump_diagonal
D:4:      layout_basic, uniq_grinder, uniq_sigmund
D:5:      layout_loops_corners
D:6:      layout_gridville, minmay_temple_entry_nine_rooms,
          hellmonk_ghost_happy_afterlife
D:7:      layout_basic, serial_shops, nicolae_square_shop

Skill      XL: |  1  2  3  4  5  6  7 |
---------------+----------------------+-----
Unarmed Combat | 2 3 4 |  4.2
Stealth        | 2 3 4 |  4.5
Fighting       | 2 3 |  3.1
Dodging        | 3 |  3.8
Evocations     | 4 |  4.6

Action                   |  1- 3 |  4- 6 |  7- 9 || total
-------------------------+-------+-------+-------++-------
Melee: Unarmed           |     7 |       |       ||     7
       Dagger            |    14 |    55 |    16 ||    85
       Constrict         |     6 |    14 |     4 ||    24
       Tentacles         |     5 |    18 |     4 ||    27
Evoke: Wand              |     7 |     2 |       ||     9
  Use: Potion            |     2 |       |     1 ||     3
 Stab: Sleeping          |     4 |     1 |     1 ||     6
Armor: Skin              |     1 |     2 |     1 ||     4
Dodge: Dodged            |     8 |    52 |    16 ||    76

Table legend: (Time is in decaauts)
 A = Elapsed time spent in this place.
 B = Non-inter-level travel time spent in this place.
 C = Inter-level travel time spent in this place.
 D = Time resting spent in this place.
 E = Time spent auto-exploring this place.
 F = Levels seen in this place.
 G = Mean time per level.
                   A        B        C        D        E       F      G
               +--------+--------+--------+--------+--------+-----+--------+
         Total |   1166 |   1126 |     40 |      0 |    799 |   7 |  166.6 |
       Dungeon |   1166 |   1126 |     40 |      0 |    799 |   7 |  166.6 |
               +--------+--------+--------+--------+--------+-----+--------+

Top non-repeatable levels by time:
     D:7: 397 daAuts
     D:6: 225 daAuts
     D:2: 201 daAuts
     D:4: 168 daAuts
     D:5: 75 daAuts
     D:1: 50 daAuts
     D:3: 48 daAuts
